[ PARTIDA AOE2 · #462920482 ]
Team RMBúlgaros vs Vietnamese
[ ANÁLISIS DE REPETICIÓN · EXTRAÍDO DE LA PARTIDA GRABADA ]
Feudal
11:51
Castillos
22:49
Imperial
—
| APM promedio | 13.5 |
| APM pico | 24 |
| eAPM promedio | 7.5 |
| Aldeanos / militares | 32 / 24 |
Foco
⚔️ 22.4% · 🌾 77.6%
Spearman ×15 · Archer ×4 · Militia ×3 · Skirmisher ×2
Feudal
10:23
Castillos
20:37
Imperial
—
| APM promedio | 28.8 |
| APM pico | 53 |
| eAPM promedio | 14.5 |
| Aldeanos / militares | 61 / 6 |
Foco
⚔️ 14.8% · 🌾 85.2%
Archer ×3 · Spearman ×2 · Battering Ram ×1
Feudal
12:28
Castillos
—
Imperial
—
| APM promedio | 10.7 |
| APM pico | 42 |
| eAPM promedio | 7.6 |
| Aldeanos / militares | 44 / 28 |
Foco
⚔️ 20.5% · 🌾 79.5%
Spearman ×21 · Militia ×7
Feudal
12:04
Castillos
18:20
Imperial
—
| APM promedio | 15.4 |
| APM pico | 59 |
| eAPM promedio | 10.2 |
| Aldeanos / militares | 56 / 9 |
Foco
⚔️ 8.2% · 🌾 91.8%
Knight ×9
Feudal
12:10
Castillos
18:22
Imperial
—
| APM promedio | 14.2 |
| APM pico | 28 |
| eAPM promedio | 7.3 |
| Aldeanos / militares | 33 / 20 |
Foco
⚔️ 21.6% · 🌾 78.4%
Skirmisher ×12 · Knight ×8
Feudal
11:42
Castillos
21:16
Imperial
—
| APM promedio | 16.4 |
| APM pico | 72 |
| eAPM promedio | 8.9 |
| Aldeanos / militares | 43 / 7 |
Foco
⚔️ 11.7% · 🌾 88.3%
Cavalry Archer ×6 · Spearman ×1
Mapa de la partida
Recursos al inicio + cada clic de construcción. Línea gruesa = muro · recuadro discontinuo = muro de casas detectado. 🟡 oro · ⚪ piedra · 🟢 bayas · 🔶 jabalí · ⭕ reliquia
Inputs por minuto
— TackierMold36 - - Yatra
Build order — TackierMold36
104 acciones detectadas en el replay
| 0:03 | Construir | House |
| 0:04 | Construir | House |
| 0:04 | Crear | Villager (Male) |
| 0:05 | Crear | Villager (Male) |
| 0:05 | Crear | Villager (Male) |
| 0:19 | Crear | Villager (Male) |
| 1:34 | Crear | Villager (Male) |
| 2:16 | Construir | Lumber Camp |
| 2:34 | Crear | Villager (Male) |
| 2:35 | Crear | Villager (Male) |
| 2:54 | Crear | Villager (Male) |
| 3:24 | Crear | Villager (Male) |
| 3:30 | Construir | House |
| 4:05 | Crear | Villager (Male) |
| 4:24 | Crear | Villager (Male) |
| 4:37 | Crear | Villager (Male) |
| 5:24 | Crear | Villager (Male) |
| 5:35 | Construir | Mill |
| 6:18 | Crear | Villager (Male) |
| 6:24 | Crear | Villager (Male) |
| 6:28 | Crear | Villager (Male) |
| 6:28 | Crear | Villager (Male) |
| 6:33 | Construir | House |
| 6:34 | Construir | House |
| 6:44 | Crear | Villager (Male) |
| 7:17 | Construir | Mill |
| 7:38 | Crear | Villager (Male) |
| 7:48 | Construir | Mining Camp |
| 9:41 | Investigar | Feudal Age |
| 9:58 | Construir | Barracks |
| 10:30 | Construir | Mining Camp |
| 11:28 | Crear | Villager (Male) |
| 11:29 | Crear | Villager (Male) |
| 11:29 | Crear | Villager (Male) |
| 11:42 | Construir | Barracks |
| 11:48 | Crear | Villager (Male) |
| 11:51 | Edad | Edad Feudal |
| 12:30 | Crear | Spearman |
| 12:31 | Crear | Spearman |
| 12:42 | Crear | Villager (Male) |
| 12:49 | Investigar | Double-Bit Axe |
| 12:55 | Construir | Farm |
| 12:56 | Crear | Villager (Male) |
| 13:18 | Construir | Farm |
| 13:18 | Crear | Villager (Male) |
| 13:59 | Construir | Farm |
| 14:01 | Construir | House |
| 14:12 | Crear | Spearman |
| 14:13 | Crear | Spearman |
| 14:33 | Construir | Farm |
| 14:40 | Construir | House |
| 14:42 | Construir | House |
| 14:43 | Construir | House |
| 14:46 | Construir | House |
| 14:54 | Crear | Spearman |
| 14:55 | Crear | Spearman |
| 15:12 | Crear | Villager (Male) |
| 15:44 | Construir | Blacksmith |
| 15:59 | Crear | Villager (Male) |
| 16:01 | Crear | Villager (Male) |
| 16:15 | Construir | Watch Tower |
| 16:33 | Crear | Militia |
| 16:33 | Crear | Militia |
| 16:42 | Crear | Villager (Male) |
| 16:53 | Construir | Farm |
| 17:10 | Construir | Farm |
| 17:12 | Crear | Villager (Male) |
| 17:24 | Construir | Farm |
| 17:25 | Construir | Farm |
| 17:35 | Construir | Market |
| 17:48 | Construir | Farm |
| 17:52 | Construir | Farm |
| 18:55 | Construir | Archery Range |
| 19:11 | Construir | Stone Wall |
| 19:30 | Crear | Villager (Male) |
| 20:00 | Construir | Farm |
| 20:09 | Investigar | Castle Age |
| 20:13 | Crear | Archer |
| 20:30 | Construir | Stone Wall |
| 20:59 | Construir | Farm |
| 21:00 | Construir | Farm |
| 21:02 | Construir | Farm |
| 21:04 | Construir | Farm |
| 21:06 | Construir | Farm |
| 21:08 | Construir | Farm |
| 21:23 | Crear | Militia |
| 21:25 | Crear | Spearman |
| 21:38 | Investigar | Gold Mining |
| 22:00 | Investigar | Forging |
| 22:01 | Investigar | Scale Mail Armor |
| 22:33 | Crear | Spearman |
| 22:34 | Crear | Spearman |
| 22:34 | Crear | Spearman |
| 22:34 | Crear | Spearman |
| 22:49 | Edad | Edad de los Castillos |
| 23:05 | Crear | Archer |
| 23:05 | Crear | Archer |
| 23:09 | Crear | Skirmisher |
| 23:10 | Crear | Skirmisher |
| 23:30 | Crear | Archer |
| 23:33 | Crear | Spearman |
| 23:34 | Crear | Spearman |
| 23:34 | Crear | Spearman |
| 23:37 | Crear | Spearman |
Build order — Yatra
137 acciones detectadas en el replay
| 0:01 | Crear | Villager (Male) |
| 0:01 | Crear | Villager (Male) |
| 0:02 | Crear | Villager (Male) |
| 0:02 | Construir | House |
| 0:04 | Construir | House |
| 0:18 | Crear | Villager (Male) |
| 0:18 | Crear | Villager (Male) |
| 1:40 | Crear | Villager (Male) |
| 1:41 | Crear | Villager (Male) |
| 2:11 | Crear | Villager (Male) |
| 2:11 | Crear | Villager (Male) |
| 2:20 | Construir | House |
| 2:35 | Crear | Villager (Male) |
| 2:35 | Crear | Villager (Male) |
| 2:48 | Crear | Villager (Male) |
| 3:04 | Construir | Lumber Camp |
| 3:09 | Construir | House |
| 3:12 | Crear | Villager (Male) |
| 3:30 | Crear | Villager (Male) |
| 4:14 | Crear | Villager (Male) |
| 4:15 | Crear | Villager (Male) |
| 4:20 | Construir | Palisade Wall |
| 4:30 | Crear | Villager (Male) |
| 4:31 | Crear | Villager (Male) |
| 4:52 | Crear | Villager (Male) |
| 4:53 | Crear | Villager (Male) |
| 5:26 | Crear | Villager (Male) |
| 5:29 | Crear | Villager (Male) |
| 5:29 | Crear | Villager (Male) |
| 5:34 | Crear | Villager (Male) |
| 6:26 | Crear | Villager (Male) |
| 6:30 | Construir | Mill |
| 6:33 | Crear | Villager (Male) |
| 7:12 | Construir | Mill |
| 7:46 | Investigar | Loom |
| 8:13 | Investigar | Feudal Age |
| 8:23 | Crear | Villager (Male) |
| 8:24 | Crear | Villager (Male) |
| 8:48 | Construir | House |
| 9:00 | Construir | House |
| 9:06 | Construir | Farm |
| 9:26 | Construir | House |
| 9:29 | Construir | Palisade Wall |
| 9:34 | Crear | Villager (Male) |
| 9:45 | Investigar | Horse Collar |
| 9:47 | Investigar | Double-Bit Axe |
| 10:23 | Edad | Edad Feudal |
| 10:35 | Investigar | Heavy Plow |
| 11:01 | Construir | House |
| 11:06 | Construir | House |
| 11:16 | Crear | Villager (Male) |
| 11:22 | Investigar | Bow Saw |
| 11:30 | Crear | Villager (Male) |
| 11:30 | Crear | Villager (Male) |
| 11:33 | Crear | Villager (Male) |
| 11:44 | Construir | Farm |
| 11:58 | Construir | Palisade Wall |
| 12:15 | Construir | Lumber Camp |
| 12:31 | Crear | Villager (Male) |
| 12:35 | Construir | Farm |
| 12:47 | Construir | Farm |
| 12:58 | Construir | Farm |
| 13:11 | Construir | Farm |
| 13:17 | Construir | Farm |
| 13:21 | Crear | Villager (Male) |
| 13:25 | Construir | Farm |
| 13:35 | Crear | Villager (Male) |
| 13:36 | Crear | Villager (Male) |
| 13:44 | Construir | Farm |
| 13:47 | Construir | Farm |
| 13:52 | Construir | Mining Camp |
| 14:00 | Construir | Watch Tower |
| 14:04 | Investigar | Town Watch |
| 14:05 | Crear | Villager (Male) |
| 14:10 | Crear | Villager (Male) |
| 14:13 | Construir | Farm |
| 14:41 | Construir | Outpost |
| 14:52 | Crear | Villager (Male) |
| 14:58 | Construir | Farm |
| 14:59 | Construir | House |
| 15:02 | Construir | House |
| 15:06 | Crear | Villager (Male) |
| 15:10 | Investigar | Gold Mining |
| 15:13 | Crear | Villager (Male) |
| 15:27 | Investigar | Wheelbarrow |
| 15:27 | Crear | Villager (Male) |
| 15:27 | Crear | Villager (Male) |
| 16:00 | Construir | Lumber Camp |
| 16:06 | Crear | Villager (Male) |
| 16:11 | Crear | Villager (Male) |
| 16:24 | Construir | Market |
| 16:31 | Construir | Blacksmith |
| 16:41 | Construir | Palisade Wall |
| 17:01 | Construir | Barracks |
| 17:04 | Crear | Villager (Male) |
| 17:07 | Construir | Farm |
| 17:18 | Construir | Farm |
| 17:20 | Crear | Villager (Male) |
| 17:55 | Investigar | Castle Age |
| 18:11 | Construir | Mining Camp |
| 18:23 | Investigar | Stone Mining |
| 18:41 | Construir | Archery Range |
| 18:43 | Construir | House |
| 18:45 | Construir | Palisade Wall |
| 18:50 | Crear | Villager (Male) |
| 18:53 | Crear | Spearman |
| 18:53 | Crear | Spearman |
| 18:57 | Investigar | Stone Shaft Mining |
| 19:27 | Crear | Villager (Male) |
| 19:44 | Crear | Villager (Male) |
| 20:15 | Investigar | Fletching |
| 20:37 | Edad | Edad de los Castillos |
| 20:39 | Crear | Archer |
| 20:39 | Crear | Archer |
| 21:06 | Crear | Villager (Male) |
| 21:07 | Investigar | Bodkin Arrow |
| 21:16 | Construir | University |
| 21:19 | Construir | House |
| 21:49 | Crear | Archer |
| 21:52 | Investigar | Crossbowman (upgrade) |
| 22:14 | Crear | Villager (Male) |
| 22:15 | Crear | Villager (Male) |
| 22:15 | Crear | Villager (Male) |
| 22:21 | Construir | Town Center |
| 22:29 | Construir | Castle |
| 22:35 | Construir | House |
| 22:37 | Construir | House |
| 22:40 | Construir | House |
| 23:06 | Crear | Villager (Male) |
| 23:07 | Crear | Villager (Male) |
| 23:14 | Construir | Siege Workshop |
| 23:40 | Investigar | Murder Holes |
| 23:43 | Crear | Villager (Male) |
| 23:58 | Crear | Battering Ram |
| 25:20 | Crear | Villager (Male) |
| 25:21 | Crear | Villager (Male) |
| 25:21 | Crear | Villager (Male) |
Build order — paluncic
125 acciones detectadas en el replay
| 0:07 | Construir | House |
| 0:14 | Crear | Villager (Male) |
| 0:14 | Crear | Villager (Male) |
| 0:14 | Crear | Villager (Male) |
| 0:15 | Crear | Villager (Male) |
| 0:15 | Crear | Villager (Male) |
| 0:21 | Construir | House |
| 1:51 | Crear | Villager (Male) |
| 2:14 | Crear | Villager (Male) |
| 2:14 | Crear | Villager (Male) |
| 2:35 | Crear | Villager (Male) |
| 2:35 | Crear | Villager (Male) |
| 2:59 | Construir | House |
| 3:07 | Construir | House |
| 3:25 | Construir | Lumber Camp |
| 3:34 | Crear | Villager (Male) |
| 3:34 | Crear | Villager (Male) |
| 3:35 | Crear | Villager (Male) |
| 3:47 | Crear | Villager (Male) |
| 3:47 | Crear | Villager (Male) |
| 4:18 | Crear | Villager (Male) |
| 4:19 | Crear | Villager (Male) |
| 6:16 | Construir | Mill |
| 6:24 | Crear | Villager (Male) |
| 6:24 | Crear | Villager (Male) |
| 6:25 | Crear | Villager (Male) |
| 8:13 | Crear | Villager (Male) |
| 8:13 | Crear | Villager (Male) |
| 8:13 | Crear | Villager (Male) |
| 8:14 | Crear | Villager (Male) |
| 8:49 | Crear | Villager (Male) |
| 9:10 | Construir | Farm |
| 9:10 | Construir | Farm |
| 9:11 | Construir | Farm |
| 9:11 | Construir | Farm |
| 9:25 | Investigar | Feudal Age |
| 10:44 | Construir | House |
| 10:48 | Construir | House |
| 11:34 | Construir | Mining Camp |
| 12:06 | Crear | Villager (Male) ×5 |
| 12:24 | Construir | Farm |
| 12:24 | Construir | Farm |
| 12:25 | Construir | Farm |
| 12:25 | Construir | Farm |
| 12:25 | Construir | Farm |
| 12:26 | Construir | Farm |
| 12:28 | Edad | Edad Feudal |
| 12:35 | Investigar | Double-Bit Axe |
| 13:09 | Construir | Mill |
| 13:24 | Crear | Villager (Male) |
| 13:24 | Crear | Villager (Male) |
| 13:32 | Investigar | Horse Collar |
| 13:52 | Construir | Lumber Camp |
| 14:00 | Crear | Villager (Male) |
| 14:00 | Crear | Villager (Male) |
| 14:17 | Construir | House |
| 14:28 | Crear | Villager (Male) |
| 14:29 | Crear | Villager (Male) |
| 14:36 | Construir | Farm |
| 14:36 | Construir | Farm |
| 14:36 | Construir | Farm |
| 14:37 | Construir | Farm |
| 14:37 | Construir | Farm |
| 14:37 | Construir | Farm |
| 14:38 | Construir | Farm |
| 15:27 | Construir | Barracks |
| 15:53 | Construir | Watch Tower |
| 16:11 | Construir | Farm |
| 16:11 | Construir | Farm |
| 16:11 | Construir | Farm |
| 16:12 | Construir | Farm |
| 16:12 | Construir | Farm |
| 16:12 | Construir | Farm |
| 16:17 | Crear | Villager (Male) |
| 16:17 | Crear | Villager (Male) |
| 17:08 | Construir | Market |
| 17:31 | Construir | Blacksmith |
| 17:54 | Investigar | Man-at-Arms (upgrade) |
| 17:54 | Crear | Militia |
| 17:54 | Crear | Militia |
| 17:55 | Crear | Militia |
| 18:32 | Crear | Villager (Male) |
| 18:35 | Crear | Villager (Male) |
| 18:42 | Construir | House |
| 19:04 | Construir | House |
| 19:05 | Construir | House |
| 19:05 | Construir | House |
| 19:58 | Crear | Militia |
| 19:58 | Crear | Militia |
| 19:58 | Crear | Militia |
| 19:59 | Crear | Militia |
| 20:21 | Investigar | Loom |
| 20:24 | Investigar | Wheelbarrow |
| 20:35 | Crear | Villager (Male) |
| 20:35 | Crear | Villager (Male) |
| 20:35 | Crear | Villager (Male) |
| 20:36 | Crear | Villager (Male) |
| 20:47 | Construir | Mining Camp |
| 20:58 | Investigar | Gold Mining |
| 20:59 | Investigar | Stone Mining |
| 21:29 | Investigar | Scale Mail Armor |
| 21:29 | Investigar | Forging |
| 22:27 | Crear | Spearman |
| 22:27 | Crear | Spearman |
| 22:27 | Crear | Spearman |
| 22:27 | Crear | Spearman |
| 22:28 | Crear | Spearman |
| 22:28 | Crear | Spearman |
| 22:28 | Crear | Spearman |
| 22:28 | Crear | Spearman |
| 22:29 | Crear | Spearman |
| 22:29 | Crear | Spearman |
| 22:29 | Crear | Spearman |
| 22:29 | Crear | Spearman |
| 22:30 | Crear | Spearman |
| 22:30 | Crear | Spearman |
| 22:42 | Crear | Spearman |
| 22:43 | Crear | Spearman |
| 22:51 | Construir | Watch Tower |
| 23:08 | Construir | Barracks |
| 24:07 | Crear | Spearman |
| 24:08 | Crear | Spearman |
| 24:08 | Crear | Spearman |
| 24:08 | Crear | Spearman |
| 24:08 | Crear | Spearman |
Build order — kitkit05020525
129 acciones detectadas en el replay
| 0:01 | Crear | Villager (Male) |
| 0:02 | Crear | Villager (Male) |
| 0:02 | Crear | Villager (Male) |
| 0:02 | Crear | Villager (Male) |
| 0:03 | Crear | Villager (Male) |
| 0:04 | Investigar | Loom |
| 0:09 | Construir | House |
| 0:10 | Construir | House |
| 0:15 | Construir | House |
| 1:36 | Crear | Villager (Male) |
| 1:36 | Crear | Villager (Male) |
| 2:54 | Crear | Villager (Male) |
| 2:54 | Crear | Villager (Male) |
| 2:54 | Crear | Villager (Male) |
| 3:09 | Construir | Lumber Camp |
| 3:37 | Crear | Villager (Male) |
| 3:37 | Crear | Villager (Male) |
| 3:53 | Crear | Villager (Male) |
| 3:53 | Crear | Villager (Male) |
| 4:05 | Crear | Villager (Male) |
| 4:05 | Crear | Villager (Male) |
| 4:12 | Construir | House |
| 4:19 | Construir | House |
| 4:39 | Crear | Villager (Male) |
| 4:39 | Crear | Villager (Male) |
| 5:03 | Crear | Villager (Male) |
| 5:03 | Crear | Villager (Male) |
| 5:28 | Construir | Mill |
| 5:39 | Crear | Villager (Male) |
| 5:39 | Crear | Villager (Male) |
| 6:30 | Crear | Villager (Male) |
| 6:30 | Crear | Villager (Male) |
| 6:48 | Crear | Villager (Male) |
| 7:01 | Construir | Mill |
| 7:45 | Crear | Villager (Male) |
| 8:03 | Crear | Villager (Male) |
| 8:25 | Construir | Mining Camp |
| 8:34 | Crear | Villager (Male) |
| 9:05 | Crear | Villager (Male) |
| 9:31 | Crear | Villager (Male) |
| 10:01 | Investigar | Feudal Age |
| 10:13 | Construir | Farm |
| 10:15 | Construir | Farm |
| 10:16 | Construir | Farm |
| 10:20 | Crear | Villager (Male) |
| 10:21 | Crear | Villager (Male) |
| 10:38 | Construir | House |
| 10:39 | Construir | House |
| 10:40 | Construir | House |
| 10:57 | Construir | Farm |
| 10:58 | Construir | Farm |
| 11:16 | Construir | Farm |
| 11:17 | Construir | Farm |
| 11:53 | Construir | Farm |
| 12:04 | Edad | Edad Feudal |
| 12:08 | Investigar | Double-Bit Axe |
| 12:11 | Investigar | Horse Collar |
| 12:22 | Construir | Blacksmith |
| 12:26 | Construir | Market |
| 12:30 | Crear | Villager (Male) |
| 12:30 | Crear | Villager (Male) |
| 12:45 | Crear | Villager (Male) |
| 12:57 | Construir | Farm |
| 12:59 | Construir | Farm |
| 13:18 | Crear | Villager (Male) |
| 13:26 | Construir | Farm |
| 13:55 | Construir | Farm |
| 14:13 | Construir | Farm |
| 14:20 | Crear | Villager (Male) |
| 14:23 | Crear | Villager (Male) |
| 14:39 | Construir | Farm |
| 14:41 | Construir | Farm |
| 15:04 | Crear | Villager (Male) |
| 15:25 | Crear | Villager (Male) |
| 15:40 | Construir | Farm |
| 15:55 | Investigar | Castle Age |
| 16:01 | Construir | Farm |
| 16:21 | Construir | Barracks |
| 17:13 | Construir | Stable |
| 17:14 | Construir | Stable |
| 17:21 | Construir | House |
| 17:39 | Investigar | Scale Barding Armor |
| 17:47 | Crear | Villager (Male) |
| 17:47 | Crear | Villager (Male) |
| 17:59 | Investigar | Bloodlines |
| 18:20 | Edad | Edad de los Castillos |
| 18:26 | Crear | Knight |
| 18:26 | Crear | Knight |
| 18:35 | Crear | Villager (Male) |
| 18:35 | Crear | Villager (Male) |
| 18:46 | Construir | House |
| 18:47 | Construir | House |
| 18:52 | Crear | Knight |
| 18:52 | Crear | Knight |
| 19:22 | Construir | Town Center |
| 19:31 | Crear | Knight |
| 19:42 | Crear | Villager (Male) |
| 19:43 | Crear | Villager (Male) |
| 19:47 | Investigar | Bow Saw |
| 19:55 | Construir | Lumber Camp |
| 20:02 | Investigar | Heavy Plow |
| 20:12 | Crear | Knight |
| 20:12 | Crear | Knight |
| 20:30 | Crear | Villager (Male) |
| 20:30 | Crear | Villager (Male) |
| 20:39 | Investigar | Gold Mining |
| 20:55 | Construir | House |
| 20:57 | Construir | House |
| 20:58 | Construir | House |
| 21:06 | Crear | Villager (Male) |
| 21:06 | Crear | Villager (Male) |
| 21:07 | Crear | Villager (Male) |
| 21:07 | Crear | Villager (Male) |
| 21:20 | Construir | Mining Camp |
| 22:52 | Investigar | Wheelbarrow |
| 22:57 | Crear | Villager (Male) |
| 22:57 | Crear | Villager (Male) |
| 22:58 | Crear | Villager (Male) |
| 22:58 | Crear | Villager (Male) |
| 24:31 | Construir | Farm |
| 24:32 | Construir | Farm |
| 24:34 | Construir | Farm |
| 24:35 | Construir | Farm |
| 24:45 | Construir | Farm |
| 24:47 | Construir | Farm |
| 25:00 | Construir | University |
| 25:03 | Construir | Monastery |
| 25:11 | Crear | Knight |
| 25:11 | Crear | Knight |
Build order — Pata
98 acciones detectadas en el replay
| 0:07 | Construir | House |
| 0:09 | Crear | Villager (Male) |
| 0:09 | Crear | Villager (Male) |
| 0:10 | Crear | Villager (Male) |
| 0:10 | Crear | Villager (Male) |
| 0:40 | Construir | House |
| 0:42 | Construir | House |
| 1:55 | Crear | Villager (Male) |
| 2:05 | Construir | Lumber Camp |
| 2:34 | Crear | Villager (Male) |
| 2:34 | Crear | Villager (Male) |
| 2:51 | Crear | Villager (Male) |
| 3:25 | Crear | Villager (Male) |
| 3:52 | Crear | Villager (Male) |
| 4:04 | Construir | Mill |
| 4:14 | Crear | Villager (Male) |
| 5:25 | Crear | Villager (Male) |
| 5:25 | Crear | Villager (Male) |
| 5:48 | Construir | Mill |
| 6:03 | Crear | Villager (Male) |
| 6:04 | Crear | Villager (Male) |
| 6:33 | Construir | House |
| 6:39 | Crear | Villager (Male) |
| 6:39 | Crear | Villager (Male) |
| 6:56 | Crear | Villager (Male) |
| 7:21 | Crear | Villager (Male) |
| 7:22 | Crear | Villager (Male) |
| 8:13 | Construir | Mining Camp |
| 8:26 | Construir | Mining Camp |
| 8:48 | Crear | Villager (Male) |
| 8:49 | Crear | Villager (Male) |
| 10:00 | Investigar | Feudal Age |
| 10:24 | Construir | House |
| 11:09 | Construir | Barracks |
| 11:33 | Construir | House |
| 12:10 | Edad | Edad Feudal |
| 12:29 | Construir | Market |
| 12:32 | Crear | Villager (Male) |
| 12:33 | Crear | Villager (Male) |
| 12:59 | Construir | Blacksmith |
| 13:14 | Construir | Farm |
| 13:17 | Investigar | Double-Bit Axe |
| 13:31 | Crear | Villager (Male) |
| 13:53 | Construir | House |
| 13:59 | Construir | House |
| 14:07 | Construir | Farm |
| 14:13 | Construir | Farm |
| 14:39 | Construir | House |
| 14:41 | Construir | House |
| 14:42 | Construir | House |
| 14:44 | Construir | House |
| 15:01 | Construir | Farm |
| 15:42 | Investigar | Castle Age |
| 16:06 | Construir | Stable |
| 17:09 | Construir | Archery Range |
| 17:22 | Construir | Farm |
| 18:02 | Construir | Palisade Gate |
| 18:06 | Investigar | Gold Mining |
| 18:22 | Edad | Edad de los Castillos |
| 18:33 | Construir | Palisade Wall |
| 18:49 | Crear | Knight |
| 18:50 | Crear | Knight |
| 18:50 | Crear | Knight |
| 18:51 | Crear | Knight |
| 19:00 | Crear | Skirmisher |
| 19:00 | Crear | Skirmisher |
| 19:01 | Crear | Skirmisher |
| 19:03 | Crear | Villager (Male) |
| 19:03 | Crear | Villager (Male) |
| 19:30 | Construir | Town Center |
| 19:38 | Construir | Farm |
| 19:47 | Crear | Knight |
| 19:49 | Crear | Villager (Male) |
| 19:58 | Crear | Skirmisher |
| 20:04 | Construir | Farm |
| 20:08 | Construir | Farm |
| 20:38 | Crear | Villager (Male) |
| 20:44 | Crear | Knight |
| 20:51 | Crear | Skirmisher |
| 21:12 | Construir | Farm |
| 21:16 | Construir | Farm |
| 21:21 | Construir | Farm |
| 21:24 | Crear | Knight |
| 21:28 | Crear | Skirmisher |
| 22:34 | Crear | Knight |
| 22:39 | Crear | Skirmisher |
| 23:04 | Crear | Skirmisher |
| 23:04 | Crear | Skirmisher |
| 23:32 | Construir | Castle |
| 23:36 | Crear | Skirmisher |
| 23:37 | Crear | Skirmisher |
| 23:37 | Crear | Skirmisher |
| 24:17 | Investigar | Fletching |
| 24:21 | Investigar | Scale Barding Armor |
| 24:24 | Crear | Villager (Male) |
| 24:24 | Crear | Villager (Male) |
| 25:09 | Crear | Villager (Male) |
| 25:10 | Crear | Villager (Male) |
Build order — xluisfer9319
91 acciones detectadas en el replay
| 0:03 | Investigar | Loom |
| 0:03 | Crear | Villager (Male) |
| 0:04 | Crear | Villager (Male) |
| 0:04 | Crear | Villager (Male) |
| 1:33 | Crear | Villager (Male) |
| 1:33 | Crear | Villager (Male) |
| 1:33 | Crear | Villager (Male) |
| 2:18 | Crear | Villager (Male) |
| 2:18 | Crear | Villager (Male) |
| 2:42 | Crear | Villager (Male) |
| 2:42 | Crear | Villager (Male) |
| 3:38 | Crear | Villager (Male) |
| 3:39 | Crear | Villager (Male) |
| 3:56 | Construir | Mill |
| 4:15 | Crear | Villager (Male) |
| 4:15 | Crear | Villager (Male) |
| 5:02 | Crear | Villager (Male) |
| 5:03 | Crear | Villager (Male) |
| 5:27 | Crear | Villager (Male) |
| 5:27 | Crear | Villager (Male) |
| 5:57 | Crear | Villager (Male) |
| 5:58 | Crear | Villager (Male) |
| 6:05 | Crear | Villager (Male) |
| 6:06 | Crear | Villager (Male) |
| 6:48 | Construir | Lumber Camp |
| 7:06 | Construir | Mill |
| 7:23 | Crear | Villager (Male) |
| 7:24 | Crear | Villager (Male) |
| 8:37 | Crear | Villager (Male) |
| 8:37 | Crear | Villager (Male) |
| 8:48 | Construir | Farm |
| 9:32 | Investigar | Feudal Age |
| 10:40 | Crear | Villager (Male) |
| 10:41 | Crear | Villager (Male) |
| 11:08 | Construir | Farm |
| 11:32 | Construir | Mining Camp |
| 11:42 | Edad | Edad Feudal |
| 12:26 | Construir | Barracks |
| 12:37 | Investigar | Double-Bit Axe |
| 12:44 | Investigar | Horse Collar |
| 12:48 | Crear | Villager (Male) |
| 12:48 | Crear | Villager (Male) |
| 12:49 | Crear | Villager (Male) |
| 13:20 | Construir | Farm |
| 13:32 | Construir | Farm |
| 13:51 | Construir | Lumber Camp |
| 14:01 | Crear | Villager (Male) |
| 14:01 | Crear | Villager (Male) |
| 14:03 | Crear | Villager (Male) |
| 14:26 | Construir | Market |
| 15:01 | Construir | Farm |
| 15:30 | Construir | Blacksmith |
| 15:38 | Crear | Villager (Male) |
| 15:38 | Crear | Villager (Male) |
| 15:56 | Investigar | Wheelbarrow |
| 16:12 | Construir | Farm |
| 16:38 | Construir | Stable |
| 16:49 | Construir | Archery Range |
| 17:12 | Crear | Villager (Male) |
| 17:13 | Crear | Villager (Male) |
| 17:26 | Construir | Farm |
| 17:26 | Construir | Farm |
| 17:27 | Construir | Farm |
| 17:37 | Investigar | Gold Mining |
| 18:36 | Investigar | Castle Age |
| 18:49 | Construir | Farm |
| 18:52 | Crear | Spearman |
| 19:36 | Construir | Outpost |
| 20:01 | Construir | Outpost |
| 20:09 | Construir | Outpost |
| 20:22 | Construir | Outpost |
| 20:54 | Construir | Archery Range |
| 21:03 | Construir | Palisade Wall |
| 21:06 | Construir | Palisade Wall |
| 21:12 | Crear | Villager (Male) |
| 21:12 | Crear | Villager (Male) |
| 21:12 | Crear | Villager (Male) |
| 21:16 | Edad | Edad de los Castillos |
| 21:41 | Construir | Mining Camp |
| 21:47 | Crear | Cavalry Archer |
| 21:47 | Crear | Cavalry Archer |
| 21:48 | Crear | Cavalry Archer |
| 21:48 | Crear | Cavalry Archer |
| 21:49 | Crear | Cavalry Archer |
| 21:49 | Crear | Cavalry Archer |
| 21:57 | Investigar | Bloodlines |
| 21:58 | Investigar | Husbandry |
| 22:06 | Investigar | Gold Shaft Mining |
| 22:27 | Crear | Villager (Male) |
| 22:27 | Crear | Villager (Male) |
| 22:49 | Construir | Watch Tower |
Cronología de la partida
| 4:20 | Yatra · wall_segment Palisade Wall x1 |
| 9:29 | Yatra · wall_segment Palisade Wall x5 |
| 9:58 | TackierMold36 · first_building Barracks |
| 10:23 | Yatra · age_up feudal |
| 11:09 | Pata · first_building Barracks |
| 11:42 | xluisfer9319 · age_up feudal |
| 11:51 | TackierMold36 · age_up feudal |
| 11:58 | Yatra · wall_segment Palisade Wall x1 |
| 12:04 | kitkit05020525 · age_up feudal |
| 12:10 | Pata · age_up feudal |
| 12:26 | xluisfer9319 · first_building Barracks |
| 12:28 | paluncic · age_up feudal |
| 14:23 | Pata · first_market_buy 100 food |
| 15:27 | paluncic · first_building Barracks |
| 15:38 | Pata · first_market_sell 100 wood |
| 16:06 | Pata · first_building Stable |
| 16:21 | kitkit05020525 · first_building Barracks |
| 16:38 | xluisfer9319 · first_building Stable |
| 16:41 | Yatra · wall_segment Palisade Wall x6 |
| 16:49 | xluisfer9319 · first_building Archery Range |
| 17:01 | Yatra · first_building Barracks |
| 17:09 | Pata · first_building Archery Range |
| 17:13 | kitkit05020525 · first_building Stable |
| 17:45 | xluisfer9319 · first_market_buy 100 food |
| 17:55 | xluisfer9319 · first_market_sell 100 stone |
| 18:20 | kitkit05020525 · age_up castle |
| 18:22 | Pata · age_up castle |
| 18:33 | Pata · wall_segment Palisade Wall x14 |
| 18:41 | Yatra · first_building Archery Range |
| 18:45 | Yatra · wall_segment Palisade Wall x4 |
| 18:55 | TackierMold36 · first_building Archery Range |
| 19:11 | TackierMold36 · wall_segment Stone Wall x19 |
| 20:30 | TackierMold36 · wall_segment Stone Wall x22 |
| 20:37 | Yatra · age_up castle |
| 20:43 | Yatra · first_market_sell 100 wood |
| 21:03 | xluisfer9319 · wall_segment Palisade Wall x1 |
| 21:06 | xluisfer9319 · wall_segment Palisade Wall x1 |
| 21:16 | xluisfer9319 · age_up castle |
| 22:29 | Yatra · first_building Castle |
| 22:49 | TackierMold36 · age_up castle |
| 23:14 | Yatra · first_building Siege Workshop |
| 23:32 | Pata · first_building Castle |
| 24:38 | Yatra · first_market_buy 100 stone |
| 24:47 | TackierMold36 · resign |
| 25:03 | kitkit05020525 · first_building Monastery |
[ ANÁLISIS IA · 1 CRÉDITO ]
¿Qué pasó realmente en esta partida?
Wolo.gg analiza cada decisión: build order, eco, micro, errores típicos por bracket. Análisis personalizado por WhatsApp o Discord en 30 segundos.
Guía civ
Búlgaros
Guía mapa
Arabia
Perfil
TackierMold36